 Dungeon Crawl Stone Soup version 0.30-a0-956-gcec3b41aec (webtiles) character file.

Game seed: 12826162464651348446

166 bande the Trooper (level 5, 0/33 HPs)
             Began as a Gargoyle Fighter on Mar 29, 2023.
             Slain by a gnoll
             ... wielding a +0 whip
              (3 damage)
             ... on level 3 of the Dungeon.
             The game lasted 00:02:40 (2106 turns).

bande the Trooper (Gargoyle Fighter)                Turns: 2106, Time: 00:02:41

Health: 0/33       AC: 11    Str: 19    XL:     5   Next: 47%
Magic:  5/5        EV:  9    Int:  9    God:
Gold:   135        SH:  4    Dex: 11    Spells: 4/4 levels left

rFire   . . .      SeeInvis .    a - +0 war axe
rCold   . . .      Faith    .    c - +0 buckler
rNeg    + . .      Spirit   .    b - +0 scale mail
rPois   ∞          Reflect  .    (no helmet)
rElec   +          Rampage  .    (no cloak)
rCorr   .                        (no gloves)
Will    .....                    (no boots) Stlth
                                 (no amulet)
HPRegen 0.25/turn                (no ring)
MPRegen 0.09/turn                (no ring)

@: no status effects
A: sickness immunity, AC +4, negative energy resistance 1, electricity
resistance, torment resistance 1, petrification resistance
a: no special abilities


You were on level 3 of the Dungeon.
You visited 1 branch of the dungeon, and saw 3 of its levels.

You collected 135 gold pieces.

Inventory:

Hand Weapons
 a - a +0 war axe (weapon)
Armour
 b - a +0 scale mail (worn)
 c - a +0 buckler (worn)
Jewellery
 n - a ring of fire
Wands
 p - a wand of roots (9)
 q - a wand of flame (7)
Scrolls
 e - 3 scrolls of identify {unknown}
 f - a scroll of magic mapping {unknown}
 g - 2 scrolls of enchant armour {unknown}
 j - a scroll of teleportation {unknown}
 o - a scroll of immolation {unknown}
 r - a scroll of summoning {unknown}
 s - a scroll of blinking {unknown}
Potions
 d - 3 potions of might
 h - 2 potions of degeneration {unknown}
 i - a potion of curing {unknown}
 k - a potion of berserk rage {unknown}
 l - a potion of heal wounds {unknown}
 m - a potion of magic {unknown}


   Skills:
 + Level 4.1 Fighting
 + Level 3.6 Axes
 + Level 4.1 Armour
 + Level 3.8 Shields


You had 4 spell levels left.
You didn't know any spells.
Your spell library contained the following spells:

 Spells                   Type           Power      Damage    Failure   Level
 Sandblast                Erth           0%         2d4       83%         1
 Passwall                 Tmut/Erth      0%         N/A       93%         2
 Stone Arrow              Conj/Erth      0%         3d7       99%         3


Dungeon Overview and Level Annotations

Branches:
Dungeon (3/15)

Altars:


Innate Abilities, Weirdness & Mutations

You are immune to sickness and miasma.
Your stone body is resilient. (AC +4)
You are immune to poison.
You resist negative energy. (rN+)
You are resistant to electric shocks. (rElec)
You are resistant to unholy torment.
You are immune to petrification.


Message History

Things that are here:
a +0 dagger; an orc corpse
Things that are here:
a +0 mace; a boomerang of dispersal
Things that are here:
a +0 dagger; an orc corpse A gnoll comes into view.
It is wielding a +0 whip.
The gnoll shouts!
You hear a shout! x4; You hear a bark!
You hear a howl!
You hear a bark!
You hear a shout! x3
The gnoll hits you with a +0 whip.
You barely miss the gnoll. The gnoll hits you but does no damage.
The gnoll misses you.
You barely miss the gnoll. The gnoll closely misses you.
You barely miss the gnoll. The gnoll closely misses you.
The gnoll hits you from afar with a +0 spear.
You closely miss the gnoll.
The orc shouts!
The gnoll hits you with a +0 whip.
The gnoll hits you from afar with a +0 spear!
The gnoll hits you with a +0 whip. The gnoll hits you but does no damage.
You hit the gnoll.
The gnoll is lightly wounded.
The gnoll closely misses you. The gnoll barely misses you.
You barely miss the gnoll.
The gnoll is lightly wounded.
The gnoll misses you. The gnoll hits you but does no damage.
You hit the gnoll.
The gnoll is moderately wounded.
The gnoll hits you but does no damage. x2; The gnoll hits you with a +0 whip.
The gnoll hits you from afar with a +0 spear.
You are too injured to fight recklessly!
You are too injured to fight recklessly!
You are too injured to fight recklessly!
The gnoll attacks as you move away! The gnoll hits you but does no damage.
The gnoll attacks as you move away! The gnoll hits you with a +0 whip.
* * * LOW HITPOINT WARNING * * *
The gnoll attacks as you move away! The gnoll hits you with a +0 whip.
* * * LOW HITPOINT WARNING * * *
The gnoll attacks as you move away! The gnoll hits you with a +0 whip.
You die...

#########################.
#.)..)...@g.go.g........'. #
#'######################## #.
#.........................
≈#####~~~~~≈~~~~≈~~~~~~≈~≈≈≈≈≈~
~≈≈≈≈≈≈≈≈~≈≈~≈≈≈≈≈≈≈≈~≈≈~≈≈≈≈≈≈≈
~~≈~~~~≈~~~~≈~~~≈≈~≈~~~≈~†~~~≈~≈
P.............P..............†.P
............P...)...............
################################


You could see 3 gnolls and an orc.

Vanquished Creatures
  A howler monkey (D:3)
  A hound (D:3)
  A gnoll (D:3)
  A dart slug (D:1)
  5 orcs (D:3)
  5 ball pythons
  9 endoplasms
  A giant cockroach (D:1)
  7 goblins
  5 hobgoblins
  15 jackals
  8 kobolds
  A quokka (D:2)
  7 bats
  A frilled lizard (D:1)
  4 rats
72 creatures vanquished.

Vanquished Creatures (others)
  A fungus (D:3)
1 creature vanquished.

Grand Total: 73 creatures vanquished

Notes
Turn   | Place    | Note
-------+----------+-------------------------------------------
     0 | D:1      | bande the Gargoyle Fighter began the quest for the Orb.
     0 | D:1      | Reached XP level 1. HP: 14/14 MP: 1/1
   220 | D:1      | Reached XP level 2. HP: 19/19 MP: 2/2
   565 | D:1      | Reached XP level 3. HP: 23/24 MP: 3/3
  1601 | D:2      | Reached XP level 4. HP: 28/29 MP: 4/4
  1868 | D:3      | Reached XP level 5. HP: 22/33 MP: 5/5
  2106 | D:3      | Slain by a gnoll

Illustrated notes

Levels and vault maps discovered:
D:1:      matt_arrival_refuge, layout_loops_corners, minmay_misc_feat_x
D:2:      minmay_kobold_bridge, layout_loops_ring, minmay_tall_x
D:3:      lemuel_castle_with_subvaults [lemuel_castle_interior_carwin_2],
          layout_rooms, kennysheep_generic_room_4, uniq_natasha, uniq_sigmund,
          uniq_grinder, uniq_crazy_yiuf_cottage

Skill      XL: |  1  2  3  4 |
---------------+-------------+-----
Axes           | 2 3 |  3.6
Fighting       | 4 |  4.1
Armour         | 4 |  4.1
Shields        | |  3.8

Action                     |  1- 3 |  4- 6 || total
---------------------------+-------+-------++-------
  Melee: War axe           |   153 |    77 ||   230
 Armour: Scale mail        |    99 |    63 ||   162
  Dodge: Dodged            |    87 |    55 ||   142
  Block: Buckler           |    47 |    24 ||    71

Table legend: (Time is in decaauts)
 A = Elapsed time spent in this place.
 B = Non-inter-level travel time spent in this place.
 C = Inter-level travel time spent in this place.
 D = Time resting spent in this place.
 E = Time spent auto-exploring this place.
 F = Levels seen in this place.
 G = Mean time per level.
                   A        B        C        D        E       F      G
               +--------+--------+--------+--------+--------+-----+--------+
         Total |   2209 |   2181 |     28 |    129 |   1489 |   3 |  736.3 |
       Dungeon |   2209 |   2181 |     28 |    129 |   1489 |   3 |  736.3 |
               +--------+--------+--------+--------+--------+-----+--------+

Top non-repeatable levels by time:
     D:1: 956 daAuts
     D:2: 808 daAuts
     D:3: 444 daAuts
